 Dungeon Crawl Stone Soup version 0.26-b1-32-g5d43845318 (webtiles) character file.

Game seed: 18121173350997008327

107 Borgoz the Ruffian (level 4, -7/38 HPs)
             Began as a Ghoul Gladiator on Jan 9, 2021.
             Mangled by an ogre
             ... wielding a +0 giant club
              (9 damage)
             ... on level 4 of the Dungeon.
             The game lasted 00:03:07 (3391 turns).

Borgoz the Ruffian (Ghoul Gladiator)                Turns: 3391, Time: 00:03:07

Health: -7/38      AC:  5    Str: 17    XL:     4   Next: 86%
Magic:  3/3        EV: 12    Int:  4    God:
Gold:   166        SH:  0    Dex: 10    Spells: 3/3 levels left

rFire    . . .     SeeInvis .     - Unarmed
rCold    + . .     Faith    .   (no shield)
rNeg     + + +     Spirit   .   a - +0 leather armour
rPois    ∞         Reflect  .   b - +0 helmet
rElec    .         Harm     .   (no cloak)
rCorr    .         Rampage  .   (no gloves)
Will     .....                  j - +0 pair of boots
Stlth    +.........             (no amulet)
HPRegen  0.00/turn              (no ring)
MPRegen  0.08/turn              (no ring)

@: no status effects
A: claws 1, cold resistance 1, negative energy resistance 3, inhibited
regeneration, torment resistance, unbreathing
a: no special abilities


You were on level 4 of the Dungeon.
You visited 1 branch of the dungeon, and saw 4 of its levels.

You collected 166 gold pieces.

Inventory:

Missiles
 c - 2 throwing nets (quivered)
Armour
 a - a +0 leather armour (worn)
 b - a +0 helmet (worn)
 j - a +0 pair of boots (worn)
Wands
 f - a wand of disintegration (10)
Scrolls
 h - 2 scrolls of remove curse {unknown}
 k - a scroll of identify
 l - a scroll of random uselessness {unknown}
 m - a scroll of enchant armour {unknown}
Potions
 d - a potion of flight {unknown}
 e - a potion of heal wounds {unknown}
 g - a potion of curing
 i - a potion of ambrosia


   Skills:
 + Level 3.2 Fighting
 - Level 1.7 Throwing
 + Level 1.8 Armour
 + Level 3.3 Dodging
 + Level 4.1 Unarmed Combat


You had 3 spell levels left.
You didn't know any spells.
Your spell library contained the following spells:

 Spells                   Type           Power        Failure   Level
 Magic Dart               Conj           0%           56%         1
 Searing Ray              Conj           0%           71%         2
 Dazzling Flash           Conj/Hex       0%           90%         3
 Fulminant Prism          Conj/Hex       0%           100%        4
 Iskenderun's Mystic Bla  Conj/Tloc      0%           100%        4


Dungeon Overview and Level Annotations

Branches:
Dungeon (4/15)
 Temple: D:4-7

Altars:
Fedhas
Sif Muna
Wu Jian
Zin


Innate Abilities, Weirdness & Mutations

You thrive by killing the living.
You are immune to poison.
You have sharp fingernails.
Your flesh is cold resistant. (rC+)
You are immune to negative energy. (rN+++)
You do not regenerate when monsters are visible.
You are immune to unholy pain and torment.
You can survive without breathing.


Message History

The ogre is severely wounded.
The ogre hits you with a +0 giant club!!
Ouch! That really hurt!
* * * LOW HITPOINT WARNING * * *
You are too injured to fight recklessly!
You are too injured to fight recklessly!
You are too injured to fight recklessly!
You are too injured to fight recklessly!
You are too injured to fight recklessly!
You are too injured to fight recklessly!
You are too injured to fight recklessly!
You are too injured to fight recklessly!
You are too injured to fight recklessly!
Throw: 3 throwing nets
Press: ? - help, Q - select action, (/) - cycle Shift-Dir - straight line, f - ogre
Aim: an ogre, wielding a +0 giant club (severely wounded)
You throw a throwing net.
The throwing net barely misses the ogre.
The ogre hits you with a +0 giant club!
You die...

#...# #...#
##.## #.#
#.# #.# #)#
####.####.#
([....O@..#
####..#####
##


You could see an ogre.

Vanquished Creatures
  2 adders (D:2)
  An ooze (D:1)
  2 worms (D:2)
  6 dart slugs
  4 leopard geckos
  2 orcs (D:3)
  6 bats
  A giant cockroach (D:1)
  5 goblins
  7 hobgoblins
  7 jackals
  A ball python (D:2)
  5 frilled lizards
  7 kobolds
  3 rats
  2 bushes (D:1)
61 creatures vanquished.

Vanquished Creatures (others)
  A plant (D:1)
1 creature vanquished.

Grand Total: 62 creatures vanquished

Notes
Turn   | Place    | Note
-------+----------+-------------------------------------------
     0 | D:1      | Borgoz the Ghoul Gladiator began the quest for the Orb.
     0 | D:1      | Reached XP level 1. HP: 17/17 MP: 0/0
    81 | D:1      | Reached XP level 2. HP: 25/25 MP: 1/1
   442 | D:1      | Reached skill level 1 in Armour
   442 | D:1      | Reached XP level 3. HP: 25/30 MP: 2/2
  1311 | D:2      | Reached XP level 4. HP: 29/37 MP: 3/3
  1632 | D:2      | Reached skill level 4 in Unarmed Combat
  2560 | D:3      | Found a glowing silver altar of Zin.
  2562 | D:3      | Found a blossoming altar of Fedhas.
  2683 | D:3      | Found a faded altar of an unknown god.
  2784 | D:3      | Found a shimmering blue altar of Sif Muna.
  2784 | D:3      | Found an ornate altar of the Wu Jian Council.
  3376 | D:4      | Noticed an ogre
  3391 | D:4      | Mangled by an ogre

Illustrated notes

Levels and vault maps discovered:
D:1:      dpeg_arrival_triangle_fractal, layout_loops_ring, serial_forest,
          infiniplex_forest_straight_4, infiniplex_forest_clump_long,
          infiniplex_forest_diagonal, infiniplex_forest_end_2,
          infiniplex_forest_clump_small, infiniplex_forest_lined_room_,
          infiniplex_forest_zigzag_1
D:2:      layout_basic, chequers_serial_rivers_marsh, nrook_mini_backslash
D:3:      layout_basic, nicolae_overflow_hidden_temple,
          chequers_ecumenical_altar_simple, kennysheep_small_spiral
D:4:      layout_loops_ring, nicolae_overflow_crystal_walls, uniq_pikel

Skill      XL: |  1  2  3  4 |
---------------+-------------+-----
Armour         | 1 |  1.8
Dodging        | 3 |  3.3
Fighting       | 3 |  3.2
Unarmed Combat | 4 |  4.1
Throwing       | |  1.7

Action                   |  1- 3 |  4- 6 || total
-------------------------+-------+-------++-------
Melee: Unarmed           |   253 |   116 ||   369
       Punch             |     6 |     2 ||     8
Throw: Throwing net      |       |     1 ||     1
  Use: Scroll            |     4 |     1 ||     5
Armor: Leather armour    |    18 |    39 ||    57
Dodge: Dodged            |    58 |    81 ||   139
